 Dungeon Crawl Stone Soup version 0.30-a0-223-gcb0039aa0c (webtiles) character file.

Game seed: 3094262647540491565

100 qw the Chopper (level 4, 0/28 HPs)
             Began as a Gargoyle Fighter on Oct 9, 2022.
             Killed by divine providence
             ... invoked by an orc priest
              (12 damage)
             ... on level 3 of the Dungeon.
             The game lasted 00:00:36 (1953 turns).

qw the Chopper (Gargoyle Fighter)                   Turns: 1953, Time: 00:00:37

Health: 0/28       AC: 11    Str: 22    XL:     4   Next: 73%
Magic:  4/4        EV:  9    Int:  8    God:
Gold:   49         SH:  4    Dex:  9    Spells: 3/3 levels left

rFire   . . .      SeeInvis .    Y - +0 war axe
rCold   . . .      Faith    .    c - +0 buckler
rNeg    + . .      Spirit   .    b - +0 scale mail
rPois   inf        Reflect  .    k - +0 helmet
rElec   +          Harm     .    (no cloak)
rCorr   .          Rampage  .    (no gloves)
Will    .....                    (no boots)
Stlth   ..........               (no amulet)
HPRegen 0.24/turn                (no ring)
MPRegen 0.09/turn                (no ring)

@: no status effects
A: sickness immunity, AC +3, negative energy resistance 1, electricity
resistance, torment resistance 1, petrification resistance
a: no special abilities


You were on level 3 of the Dungeon.
You visited 1 branch of the dungeon, and saw 3 of its levels.

You collected 126 gold pieces.
You spent 77 gold pieces at shops.


Innate Abilities, Weirdness & Mutations

You are immune to sickness and miasma.
Your stone body is resilient. (AC +3)
You are immune to poison.
You resist negative energy. (rN+)
You are resistant to electric shocks. (rElec)
You are resistant to unholy torment.
You are immune to petrification.


   Skills:
 - Level 3.2 Fighting
 + Level 4.3 Axes
 - Level 3.2 Armour
 - Level 3.2 Shields


You had 3 spell levels left.
You didn't know any spells.
Your spell library was empty.

Inventory:

Hand Weapons
 e - a +0 whip
 Y - a +0 war axe (weapon)
Armour
 b - a +0 scale mail (worn)
 c - a +0 buckler (worn)
 k - a +0 helmet (worn)
Scrolls
 a - a scroll of identify
Potions
 d - a potion of might
 g - 3 potions of curing

Dungeon Overview and Level Annotations

Branches:
Dungeon (3/15)

Altars:
Uskayaw

Shops:
D:2 (


Message History

You barely miss the orc.
The orc priest calls down the wrath of Beogh upon you.
Beogh smites you!
The orc hits you with a +0 vorpal flail.
You hear a shout! x2
You barely miss the orc.
An orc comes into view. It is wielding a +0 club.
The orc hits you with a +0 vorpal flail.
You slash the orc priest!
The orc priest is severely wounded.
You barely miss the orc.
The orc priest hits you but does no damage.
An orc comes into view. It is wielding a +0 hand axe.
The orc closely misses you.
The orc priest hits you but does no damage.
The orc hits you with a +0 vorpal flail.
An orc priest comes into view. It is wielding a +0 war axe.
1950 ||| DRINKING potion of heal wounds.
You feel much better.
The orc shouts!
The orc hits you but does no damage.
You closely miss the orc priest.
The orc priest is severely wounded.
You closely miss the orc.
The orc priest hits you with a +0 dagger.
You barely miss the orc priest.
The orc priest is severely wounded.
You closely miss the orc. You barely miss the orc. The orc closely misses you.
You block the orc priest's attack.
The orc priest calls down the wrath of Beogh upon you.
Beogh smites you!
Ouch! That really hurt!
The orc barely misses you.
You slash the orc priest!
You kill the orc priest!
You hit the orc. You closely miss the orc. You hit the orc.
The orc hits you but does no damage. x2
The orc priest mumbles some strange prayers to Beogh against you.
Beogh smites you!
You die...

..#.###########.####
##..#................
####...##.....###....###
.......#....#.##.......#
.###....#.#.............
..........######.......#
.##...#.### ##....###
.#.....$#########....#
......o@o......#..#)####
.#.?..o.#####..#....%...
.......o# #.##.....
.#####..# ...######.
#... #......<.... #.##
#. #.######% #? # ######
#( #..... #.####


You could see an orc priest and 3 orcs.

Vanquished Creatures
  An orc priest (D:3)
  Jessica (D:3)
  3 adders
  2 dart slugs (D:1)
  8 endoplasms
  3 giant cockroaches
  3 goblins (D:1)
  3 hobgoblins
  A quokka (D:1)
  8 ball pythons
  4 bats
  2 frilled lizards
  2 kobolds (D:2)
  2 rats
43 creatures vanquished.

Notes
Turn   | Place    | Note
-------+----------+-------------------------------------------
     0 | D:1      | qw the Gargoyle Fighter began the quest for the Orb.
     0 | D:1      | Reached XP level 1. HP: 14/14 MP: 1/1
     0 | D:1      | 0 ||| qw: Version: 0.2-a-17-g06abaee
     0 | D:1      | 0 ||| qw: Game counter: 2064
     0 | D:1      | 0 ||| qw: Always use a shield: true
     0 | D:1      | 0 ||| qw: God list: Okawaru
     0 | D:1      | 0 ||| qw: Allow faded altars: false
     0 | D:1      | 0 ||| qw: Do Orc after D:15 true
     0 | D:1      | 0 ||| qw: Do second Lair branch before Depths: true
     0 | D:1      | 0 ||| qw: Lair rune preference: random
     0 | D:1      | 0 ||| qw: Plans: Normal, Zot:1-4, God:TSO, Crypt, Tomb,
                  | Pan, Slime:5, Hells, Abyss, Orb
     0 | D:1      | 0 ||| PLANNING D:1-11
    44 | D:1      | Reached skill level 2 in Axes
   120 | D:1      | Reached XP level 2. HP: 19/19 MP: 2/2
   473 | D:1      | 473 ||| Stepping ~*~*~tactically~*~*~ (stealth).
   547 | D:1      | 547 ||| Stepping ~*~*~tactically~*~*~ (hiding).
   552 | D:1      | Reached skill level 3 in Axes
   832 | D:1      | Reached XP level 3. HP: 23/23 MP: 3/3
  1133 | D:1      | 1133 ||| READING 3 scrolls labelled MUAXZA ASOKHLO.
  1134 | D:1      | 1134 ||| READING scroll labelled LYCWU TEIH.
  1135 | D:1      | 1135 ||| READING 2 scrolls of identify.
  1135 | D:1      | 1135 ||| IDENTIFYING glowing clear potion
  1198 | D:2      | Found Quiti's Antique Weapon Emporium.
  1222 | D:2      | 1222 ||| BUYING whip (77 gold).
  1222 | D:2      | Bought a whip for 77 gold pieces
  1222 | D:2      | 1222 ||| DROPPING +0 club.
  1434 | D:2      | Found a faded altar of an unknown god.
  1631 | D:2      | Found a hide-covered altar of Uskayaw.
  1640 | D:2      | Reached XP level 4. HP: 28/28 MP: 4/4
  1860 | D:2      | 1860 ||| UPGRADING to +0 helmet.
  1865 | D:2      | 1865 ||| READING scroll labelled PACWO ZOIL.
  1866 | D:2      | 1866 ||| READING scroll labelled NIQ WEISAOBUC.
  1867 | D:2      | 1867 ||| DRINKING 2 glowing cyan potions.
  1868 | D:2      | 1868 ||| READING 3 scrolls of identify.
  1868 | D:2      | 1868 ||| IDENTIFYING clear potion
  1869 | D:2      | 1869 ||| READING 2 scrolls of identify.
  1869 | D:2      | 1869 ||| IDENTIFYING ruby potion
  1870 | D:2      | 1870 ||| DROPPING potion of degeneration.
  1871 | D:2      | 1871 ||| DROPPING potion of flight.
  1884 | D:3      | 1884 ||| PLANNING SEWER
  1886 | D:3      | 1886 ||| STAIRDANCE
  1901 | D:3      | Noticed Jessica
  1902 | D:3      | 1902 ||| Stepping ~*~*~tactically~*~*~ (hiding).
  1905 | D:3      | Reached skill level 4 in Axes
  1910 | D:3      | Killed Jessica
  1949 | D:3      | HP: 3/28 [orc/+0 vorpal flail (5)]
  1950 | D:3      | 1950 ||| DRINKING potion of heal wounds.
  1953 | D:3      | Killed from afar by an orc priest

Levels and vault maps discovered:
D:1:      psy_arrival_fountain, layout_basic
D:2:      layout_basic, serial_shops, nicolae_shop_waterfront, basic_altar,
          hellmonk_ecumenical_altar_slurped_away
D:3:      layout_loops_ring, lemuel_doored_altar, portal_sewer_entry_d,
          saegor_snake_ambush, uniq_jessica

Skill      XL: |  1  2  3  4 |
---------------+-------------+-----
Axes           | 2 3 4 |  4.3
Fighting       | |  3.2
Armour         | |  3.2
Shields        | |  3.2

Action                   |  1- 3 |  4- 6 || total
-------------------------+-------+-------++-------
Melee: War axe           |    96 |    17 ||   113
  Use: Scroll            |     3 |     4 ||     7
       Potion            |       |     2 ||     2
Armor: Scale mail        |    50 |     7 ||    57
Dodge: Dodged            |    55 |     8 ||    63
Block: Buckler           |    13 |     4 ||    17

Table legend:
 A = Non-vault XP
 B = Vault XP
 C = Vault XP percentage of total XP
 D = Non-vault monster count
 E = Vault monster count
 F = Vault count percentage of total count
                 A         B        C        D         E       F
            +---------+---------+-------+---------+---------+-------
      Total |     147 |      39 |  21.0 |      41 |       2 |   4.7
            +---------+---------+-------+---------+---------+-------
        D:1 |      40 |       0 |   0.0 |      21 |       0 |   0.0
        D:2 |      48 |       2 |   4.0 |      16 |       1 |   5.9
        D:3 |      59 |      37 |  38.5 |       4 |       1 |  20.0
            +---------+---------+-------+---------+---------+-------
